 Dungeon Crawl Stone Soup version 0.30.1-11-g7821555f0a (webtiles) character file.

Game seed: 9957596338749832936

78 comborobin the Trooper (level 4, 0/41 HPs)
             Began as a Minotaur Delver on Nov 19, 2023.
             Slain by an iguana (9 damage)
             ... on level 3 of the Dungeon.
             The game lasted 00:01:31 (2555 turns).

comborobin the Trooper (Minotaur Delver)            Turns: 2555, Time: 00:01:32

Health: 0/41       AC:  3    Str: 18    XL:     4   Next: 15%
Magic:  3/3        EV: 11    Int:  7    God:
Gold:   133        SH:  5    Dex: 12    Spells: 3/3 levels left

rFire   . . .        i - +0 rapier (speed)
rCold   . . .        s - +2 buckler
rNeg    . . .        b - +0 leather armour
rPois   .            (helmet restricted)
rElec   .            (no cloak)
rCorr   .            (no gloves)
SInv    .            (no boots)
Will    .....        (no amulet)
Stlth   ++           (no ring)
HPRegen 0.26/turn    (no ring)
MPRegen 0.08/turn

%: no passive effects
@: hasted, very quick
A: horns 2, retaliatory headbutt
a: no special abilities


You were on level 3 of the Dungeon.
You visited 1 branch of the dungeon, and saw 5 of its levels.

You collected 133 gold pieces.

Inventory:

Hand Weapons
 a - a +0 hand axe
 i - a +0 rapier of speed (weapon)
Missiles
 r - a throwing net (quivered)
Armour
 b - a +0 leather armour (worn)
 s - a +2 buckler (worn)
Jewellery
 m - an amulet of guardian spirit
Wands
 g - a wand of digging (3)
Scrolls
 c - a scroll of fog
 d - a scroll of magic mapping
 e - 2 scrolls of fear
 k - a scroll of torment {unknown}
 o - 3 scrolls of identify {unknown}
 p - 2 scrolls of noise {unknown}
 q - 2 scrolls of enchant armour {unknown}
 w - a scroll of teleportation {unknown}
 x - a scroll of brand weapon {unknown}
 y - a scroll of poison {unknown}
 z - a scroll of acquirement {unknown}
Potions
 f - a potion of haste
 h - 2 potions of flight {unknown}
 j - 4 potions of degeneration {unknown}
 l - a potion of lignification {unknown}
 n - a potion of curing
 t - a potion of mutation {unknown}
 u - 2 potions of heal wounds {unknown}
 v - a potion of invisibility {unknown}


   Skills:
 + Level 4.4 Fighting
 + Level 3.9 Axes
 + Level 2.3 Armour
 - Level 2.1 Dodging
 - Level 4.1 Stealth


You had 3 spell levels left.
You didn't know any spells.
Your spell library contained the following spells:

 Spells                   Type           Power      Damage    Failure   Level
 Blink                    Tloc           0%         N/A       73%         2
 Manifold Assault         Tloc           0%         N/A       100%        4
 Storm Form               Tmut/Air       0%         N/A       100%        7


Dungeon Overview and Level Annotations

Branches:
Dungeon (5/15)
 Temple: D:4-7

Altars:


Innate Abilities, Weirdness & Mutations

You have a pair of horns on your head.
You reflexively headbutt those who attack you in melee.


Message History

The orc wizard hits you with a +0 dagger of venom.
The gnoll shouts!
You hit the orc wizard. Your headbutt misses the orc wizard.
The orc wizard is heavily wounded.
The orc wizard gestures at you while chanting.
You are confused.
The orc wizard points at you and mumbles some strange words.
You are more confused.
There is a stone staircase leading up, spattered with blood here.
Unknown command.
The orc wizard closely misses you.
The orc wizard hits you with a +0 dagger.
The iguana barely misses you.
The gnoll hits you from afar with a +0 halberd!
You climb upwards.
There is a stone staircase leading down here.
You are too confused!
You are too confused!
You feel better. The iguana barely misses you.
The orc wizard hits you but does no damage.
You closely miss the orc wizard. The iguana barely misses you.
The orc wizard hits you with a +0 dagger.
The orc wizard gestures wildly while chanting.
The orc wizard flickers and vanishes!
Deactivating autopickup; reactivate with Ctrl-A.
You closely miss the orc wizard.
The iguana bites you but does no damage.
The orc wizard hits you with a +0 dagger.
You hit the orc wizard but do no damage.
The iguana bites you!
* * * LOW HITPOINT WARNING * * *
The orc wizard misses you. You furiously retaliate!
You headbutt the orc wizard. You hit the orc wizard.
The orc wizard is severely wounded.
You block the iguana's attack.
The orc wizard gestures at you while chanting.
You resist with some effort.
You feel yourself speed up. The iguana bites you!
You die...

#############..##..........
#...................##.....
#.###########..##.#........
#.# #..##.#.##..... #.#
#..##.#.####..# #.#
#....#..####..# #.####
#...###........ #.(..#
####)#..#.##.###.# ####.#
#@l{...#.###.# #.# #.#
#o##.###.###.###.. #.#
#.##.# #.......... #.#
#.##.#######.####. #.#
#.##.............< #.#
#.##########.####. #.# #.#
#.####) #.# #.# #...... #.#
#.# ######.


You could see an iguana and an orc wizard.

Vanquished Creatures
  3 adders
  A worm (D:2)
  An orc (D:3)
  3 endoplasms
  4 giant cockroaches
  A goblin (D:2)
  4 hobgoblins
  2 jackals (D:2)
  6 quokkas
  A ball python (D:2)
  4 bats
  9 frilled lizards (D:3)
  4 kobolds
  3 rats (D:1)
46 creatures vanquished.

Notes
Turn   | Place    | Note
-------+----------+-------------------------------------------
     0 | D:5      | comborobin the Minotaur Delver began the quest for the Orb.
     0 | D:5      | Reached XP level 1. HP: 19/19 MP: 0/0
    23 | D:4      | Noticed an orc wizard
    23 | D:4      | Noticed an orc wizard
    23 | D:4      | Noticed an orc priest
   223 | D:3      | Reached XP level 2. HP: 23/27 MP: 1/1
   270 | D:3      | Reached skill level 1 in Armour
   943 | D:3      | Reached XP level 3. HP: 33/33 MP: 2/2
  2125 | D:1      | Reached XP level 4. HP: 24/41 MP: 3/3
  2240 | D:1      | Found a faded altar of an unknown god.
  2555 | D:3      | Slain by an iguana

Illustrated notes

Levels and vault maps discovered:
D:1:      minmay_arrival_diagonal_passages, layout_basic, basic_ecumenical_altar
D:2:      layout_loops_ring
D:3:      layout_loops_ring, minmay_lizard_king
D:4:      layout_basic, mainiacjoe_overflow_six_doors_small, old_standard_altar,
          nzn_hepliaklqana_mist_gate, serial_bayou_pond_b,
          minmay_misc_feat_alley, minmay_cupped
D:5:      layout_loops_ring, mainiacjoe_overflow_concentric_impassable,
          kennysheep_mini_moat, grunt_gozag_breadcrumbs,
          chequers_serial_rivers_micro_d, minivault_23, hangedman_decor_growths,
          kennysheep_pointless_box

Skill      XL: |  1  2  3 |
---------------+----------+-----
Axes           | 3 |  3.9
Armour         | 1 2 |  2.3
Fighting       | 4 |  4.4
Dodging        | |  2.1
Stealth        | |  4.1

Action                     |  1- 3 |  4- 6 || total
---------------------------+-------+-------++-------
  Melee: Rapier            |   108 |    15 ||   123
         Headbutt          |    13 |     4 ||    17
         Punch             |     1 |       ||     1
    Use: Potion            |       |     2 ||     2
   Stab: Sleeping          |     8 |     1 ||     9
 Armour: Leather armour    |    27 |     2 ||    29
  Dodge: Dodged            |    56 |    11 ||    67
  Block: Buckler           |     5 |     2 ||     7
